 Dungeon Crawl Stone Soup version 0.30-a0-782-ge64f9170bb (webtiles) character file.

Game seed: 2763110485140078068

2 senseless the Cudgeller (level 1, 0/17 HPs)
             Began as a Gnoll Wanderer on Feb 27, 2023.
             Slain by a jackal (3 damage)
             ... on level 1 of the Dungeon.
             The game lasted 00:00:37 (123 turns).

senseless the Cudgeller (Gnoll Wanderer)             Turns: 123, Time: 00:00:37

Health: 0/17       AC:  4    Str: 10    XL:     1   Next: 40%
Magic:  1/1        EV: 12    Int:  8    God:
Gold:   13         SH:  0    Dex: 15    Spells: 0/0 levels left

rFire   . . .      SeeInvis .    a - +2 mace
rCold   . . .      Faith    .    (no shield)
rNeg    . . .      Spirit   .    e - +0 leather armour
rPois   .          Reflect  .    (no helmet)
rElec   .          Harm     .    (no cloak)
rCorr   .          Rampage  .    c - +0 pair of gloves
Will    .....                    (no boots)
Stlth   +++                      (no amulet)
HPRegen 0.22/turn                (no ring)
MPRegen 0.07/turn                (no ring)

@: no status effects
A: fangs 1, strong nose, distributed training
a: no special abilities


You were on level 1 of the Dungeon.
You visited 1 branch of the dungeon, and saw 1 of its levels.

You collected 13 gold pieces.

Inventory:

Hand Weapons
 a - a +2 mace (weapon)
 b - a +0 falchion
Armour
 c - a +0 pair of gloves (worn)
 e - a +0 leather armour (worn)
Scrolls
 f - a scroll of magic mapping {unknown}
 g - a scroll of enchant weapon {unknown}
Potions
 d - a potion of brilliance


   Skills:
 + Level 2.3 Fighting
 + Level 0.0 Short Blades
 + Level 2.3 Long Blades
 + Level 0.0 Axes
 + Level 6.4 Maces & Flails
 + Level 0.0 Polearms
 + Level 0.0 Staves
 + Level 0.0 Ranged Weapons
 + Level 0.0 Throwing
 + Level 0.0 Armour
 + Level 2.3 Dodging
 + Level 5.8 Stealth
 + Level 0.0 Shields
 + Level 0.0 Unarmed Combat
 + Level 0.0 Spellcasting
 + Level 0.0 Conjurations
 + Level 0.0 Hexes
 + Level 0.0 Summonings
 + Level 0.0 Necromancy
 + Level 0.0 Translocations
 + Level 0.0 Transmutations
 + Level 0.0 Fire Magic
 + Level 0.0 Ice Magic
 + Level 0.0 Air Magic
 + Level 0.0 Earth Magic
 + Level 0.0 Poison Magic
 + Level 0.1 Invocations
 + Level 2.3 Evocations


You couldn't memorise any spells.
You didn't know any spells.
Your spell library was empty.

Dungeon Overview and Level Annotations

Branches:
Dungeon (1/15)

Altars:


Innate Abilities, Weirdness & Mutations

You have very sharp teeth.
Your uncanny sense of smell can sniff out nearby items.
Your experience applies equally to all skills.


Message History

The jackal misses you.
The jackal barks!
You miss the jackal. The jackal barely misses you. The jackal misses you.
The jackal closely misses you. The jackal barely misses you.
You barely miss the jackal. The jackal misses you.
The jackal barely misses you. The jackal bites you.
The jackal closely misses you. The jackal bites you.
The jackal barely misses you. x2; The jackal closely misses you.
You miss the jackal. You bite the jackal.
The jackal is lightly wounded.
The jackal barely misses you. The jackal misses you.
The jackal bites you but does no damage.
The jackal bites you. x2
* * * LOW HITPOINT WARNING * * *
The jackal barely misses you.
You are too injured to fight recklessly!
You are too injured to fight recklessly!
You are too injured to fight recklessly!
You are too injured to fight recklessly!
You are too injured to fight recklessly!
You are too injured to fight recklessly!
You are too injured to fight recklessly!
You are too injured to fight recklessly!
You are too injured to fight recklessly!
You are too injured to fight recklessly!
You are too injured to fight recklessly!
You are too injured to fight recklessly!
You are too injured to fight recklessly!
You are too injured to fight recklessly!
The jackal attacks as you move away! The jackal barely misses you.
The jackal attacks as you move away! The jackal closely misses you.
The jackal bites you.
* * * LOW HITPOINT WARNING * * *
You sock the jackal!
You kill the jackal!
The jackal bites you but does no damage.
The jackal attacks as you move away! The jackal bites you.
* * * LOW HITPOINT WARNING * * *
The jackal attacks as you move away! The jackal bites you.
You die...

#####....#
...#.#.##
#.#.#.##
#......#
#.?....#
#####......#
#..........####
#............[l
#.....h@...)...
#.....h........
#.).g.####.....
#....h# .....
#.....# ..l..
#.....# ....
#...... ...
##...... ∆
#.......


You could see 3 jackals, a hobgoblin and 2 frilled lizards.

Vanquished Creatures
  A jackal (D:1)
  A kobold (D:1)
2 creatures vanquished.

Notes
Turn   | Place    | Note
-------+----------+-------------------------------------------
     0 | D:1      | senseless the Gnoll Wanderer began the quest for the Orb.
     0 | D:1      | senseless set off with the following items: a +2 mace, a +0
                  | falchion, a +0 pair of gloves, a potion of brilliance, a +0
                  | leather armour.
     0 | D:1      | Reached XP level 1. HP: 17/17 MP: 1/1
   123 | D:1      | Slain by a jackal

Illustrated notes

Levels and vault maps discovered:
D:1:      lightli_arrival_noodles, layout_basic

Action                     || total
---------------------------++-------
  Melee: Mace              ||     7
         Bite              ||     1
   Stab: Sleeping          ||     1
 Armour: Leather armour    ||     3
  Dodge: Dodged            ||    21

Table legend: (Time is in decaauts)
 A = Elapsed time spent in this place.
 B = Non-inter-level travel time spent in this place.
 C = Inter-level travel time spent in this place.
 D = Time resting spent in this place.
 E = Time spent auto-exploring this place.
 F = Levels seen in this place.
 G = Mean time per level.
                   A        B        C        D        E       F      G
               +--------+--------+--------+--------+--------+-----+--------+
         Total |    123 |    123 |      0 |      0 |     99 |   1 |  123.0 |
       Dungeon |    123 |    123 |      0 |      0 |     99 |   1 |  123.0 |
               +--------+--------+--------+--------+--------+-----+--------+

Top non-repeatable levels by time:
     D:1: 123 daAuts
